 Dungeon Crawl Stone Soup version 0.29.1-13-g9f3cf754e1 (webtiles) character file.

Game seed: 1976357117406405531

3666 zlionsfan the Carver (level 9, -17/71 HPs)
             Began as a Demonspawn Fighter on Jan 28, 2023.
             Was a Believer of Cheibriados.
             Demolished by an orc knight
             ... wielding a +0 war axe
              (18 damage)
             ... in a bailey.
             The game lasted 00:23:40 (10380 turns).

zlionsfan the Carver (Demonspawn Fighter)          Turns: 10380, Time: 00:23:40

Health: -17/71     AC: 17    Str: 25    XL:     9   Next: 89%
Magic:  9/9        EV:  7    Int: 22    God:    Cheibriados [**....]
Gold:   549        SH: 11    Dex: 24    Spells: 8/8 levels left

rFire   + . .      SeeInvis .   a - +1 long sword
rCold   + . .      Faith    .   c - +0 buckler
rNeg    . . .      Spirit   .   t - +2 plate armour
rPois   +          Reflect  .   (no helmet)
rElec   +          Harm     .   (no cloak)
rCorr   +          Rampage  .   s - +1 pair of gloves
Will    .....                   (no boots)
Stlth   ..........              (no amulet)
HPRegen 0.21/turn               e - +6 ring of intelligence
MPRegen 0.11/turn               (no ring)

@: resistant, very slow
A: thin skeletal structure 2, condensation shield, demonic magic 1
a: Renounce Religion, Bend Time


You were in a bailey.
You worshipped Cheibriados.
Cheibriados was pleased with you.
You visited 2 branches of the dungeon, and saw 9 of its levels.
You also visited: Bailey.

You collected 549 gold pieces.

Inventory:

Hand Weapons
 a - a +1 long sword (weapon)
Armour
 c - a +0 buckler (worn)
 s - a +1 pair of gloves (worn)
 t - a +2 plate armour (worn)
Jewellery
 e - a +6 ring of intelligence (left hand)
Wands
 q - a wand of roots (9)
 u - a wand of flame (4) (quivered)
 y - a wand of polymorph (5)
Scrolls
 b - 2 scrolls of magic mapping
 g - a scroll of blinking {unknown}
 i - 2 scrolls of amnesia {unknown}
 l - a scroll of fear
 m - 4 scrolls of teleportation
 n - 6 scrolls of vulnerability
 r - 2 scrolls of immolation
Potions
 d - 2 potions of might
 f - 2 potions of lignification {unknown}
 j - a potion of flight {unknown}
 k - 3 potions of mutation
 o - 5 potions of magic
 p - a potion of cancellation {unknown}
 v - a potion of attraction {unknown}
 w - a potion of berserk rage {unknown}
 x - a potion of resistance
 z - a potion of brilliance {unknown}


   Skills:
 * Level 6.8 Fighting
 * Level 8.4 Long Blades
 * Level 7.1 Armour
 + Level 0.7 Dodging
 + Level 0.8 Stealth
 * Level 5.5 Shields
 + Level 0.4 Evocations


You had 8 spell levels left.
You didn't know any spells.
Your spell library was empty.

Dungeon Overview and Level Annotations

Branches:
Dungeon (8/15)             Temple (1/1) D:5          Bailey (1/1)
   Lair: D:8-11

Altars:
Ashenzari
Cheibriados
Dithmenos
Gozag
Hepliaklqana
Kikubaaqudgha
Makhleb
Qazlal
Trog
Uskayaw
Wu Jian
Yredelemnul


Innate Abilities, Weirdness & Mutations

You have a moderately thin skeletal structure. (Dex +4, Stealth++)
A meltable shield of frost defends you. (SH +4)
Spells you cast may paralyse adjacent enemies.


Message History

You block the hobgoblin's attack.
You closely miss the orc knight.
The orc knight is severely wounded.
You block the orc knight's attack. The hobgoblin barely misses you.
It was a potion of curing.
You feel better. You block the orc knight's attack.
You block the hobgoblin's attack.
You slash the orc knight!
The orc knight is severely wounded.
The orc knight hits you with a +0 war axe.
The hobgoblin hits you but does no damage.
You hit the orc knight.
The orc knight is almost dead.
The orc knight hits you with a +0 war axe!
* * * LOW HITPOINT WARNING * * *
You block the hobgoblin's attack.
You feel better.
The orc knight hits you with a +0 war axe.
* * * LOW HITPOINT WARNING * * *
The hobgoblin hits you with a +0 hand axe.
* * * LOW HITPOINT WARNING * * *
You feel better.
The orc knight hits you but does no damage.
You block the hobgoblin's attack.
You hit the orc knight but do no damage.
The orc knight is almost dead.
You block the orc knight's attack.
The hobgoblin hits you but does no damage.
You hit the orc knight but do no damage.
The orc knight is almost dead.
You block the orc knight's attack.
The hobgoblin splashes around in the water.
You hit the orc knight.
The orc knight is almost dead.
The orc knight hits you with a +0 war axe!!
* * * LOW HITPOINT WARNING * * *
The hobgoblin splashes around in the water.
It was a potion of resistance.
You feel protected.
The orc knight hits you with a +0 war axe!!
You die...

....≈≈≈≈~)#.....# ####.~
....≈≈≈≈~.#''##### #..#.~
###.≈≈≈≈~.#......# #!?#.~
#≈≈≈≈≈~.#...)..# #.'..#.~
#≈≈≈≈≈######...##############.#
#≈≈≈≈≈#.. #.8.8.8)'.....#....#
#≈≈≈≈≈#..g #......)#.....')...#
#≈≈≈≈≈# #..###############..#'#
#≈≈≈≈≈# #..'.o@..........'..#.#
#≈≈≈≈≈# ####~g~~~~~~~~~~~######
≈≈≈≈≈≈≈≈≈≈≈≈≈≈≈≈≈≈≈≈≈≈≈
≈≈≈≈≈≈≈≈≈≈≈≈≈≈≈≈≈≈≈≈≈≈≈≈
≈≈≈≈≈≈≈≈≈≈≈≈≈≈≈≈≈≈≈≈≈≈≈≈≈
≈≈≈≈≈≈≈≈≈≈≈≈≈≈≈≈≈≈≈≈≈≈≈≈≈
≈≈≈≈≈≈≈≈≈≈≈≈≈≈≈≈≈≈≈≈≈≈≈≈≈
≈≈≈≈≈≈≈≈≈≈≈≈≈≈≈≈≈≈≈≈≈≈≈≈≈
≈≈≈≈≈≈≈≈≈≈≈≈≈≈


You could see an orc knight and a hobgoblin.

Vanquished Creatures
  Grinder (D:6)
  A wyvern (D:7)
  A steam dragon (D:7)
  Menkaure (D:6)
  2 water moccasins
  A sky beast (D:7)
  2 ice beasts
  5 orc warriors
  4 black bears
  2 phantoms (D:5)
  A kobold brigand (D:7)
  Blork the orc (D:5)
  3 necrophages
  5 scorpions
  4 wights (D:7)
  4 electric eels (Bailey)
  3 hounds
  2 jellies (D:5)
  An orc priest (D:7)
  3 iguanas
  5 orc wizards
  7 gnolls
  7 adders
  3 white imps
  An ufetubus (D:5)
  2 worms (D:3)
  2 dart slugs
  22 orcs
  8 ball pythons
  12 endoplasms
  2 giant cockroaches
  6 goblins
  9 hobgoblins
  12 jackals
  2 quokkas
  3 bats
  6 kobolds
  8 rats
164 creatures vanquished.

Notes
Turn   | Place    | Note
-------+----------+-------------------------------------------
     0 | D:1      | zlionsfan the Demonspawn Fighter began the quest for the
                  | Orb.
     0 | D:1      | Reached XP level 1. HP: 18/18 MP: 1/1
   392 | D:1      | Gained mutation: You have a somewhat thin skeletal
                  | structure. (Dex +2, Stealth+) [demonic ancestry]
   392 | D:1      | Reached XP level 2. HP: 21/24 MP: 2/2
   984 | D:1      | Found a faded altar of an unknown god.
  1154 | D:2      | Reached skill level 2 in Long Blades
  1200 | D:2      | Reached XP level 3. HP: 24/29 MP: 3/3
  1457 | D:2      | Gained mutation: You have a moderately thin skeletal
                  | structure. (Dex +4, Stealth++) [demonic ancestry]
  1457 | D:2      | Reached XP level 4. HP: 16/36 MP: 4/4
  1709 | D:2      | Reached skill level 3 in Long Blades
  2671 | D:3      | Noticed a black bear
  2725 | D:3      | Reached XP level 5. HP: 35/41 MP: 5/5
  3734 | D:4      | Noticed a black bear
  3742 | D:4      | Killed a black bear
  3743 | D:4      | Reached skill level 4 in Long Blades
  3743 | D:4      | Gained mutation: Spells you cast may paralyse adjacent
                  | enemies. [demonic ancestry]
  3743 | D:4      | Reached XP level 6. HP: 43/48 MP: 6/6
  3920 | D:4      | Noticed an ice beast
  3941 | D:4      | Killed an ice beast
  4445 | D:5      | Entered Level 5 of the Dungeon
  4450 | D:5      | Reached XP level 7. HP: 54/54 MP: 7/7
  4456 | D:5      | Found a staircase to the Ecumenical Temple.
  4473 | D:5      | Reached skill level 5 in Long Blades
  4478 | Temple   | Entered the Ecumenical Temple
  4478 | Temple   | Found a transporter.
  4478 | Temple   | Found a transporter.
  4480 | Temple   | Found a transporter.
  4480 | Temple   | Found a transporter.
  4557 | Temple   | Became a worshipper of Cheibriados the Contemplative
  4579 | D:5      | Noticed Blork the orc
  4598 | D:5      | Killed Blork the orc
  5699 | D:5      | Reached skill level 6 in Long Blades
  5710 | D:5      | Reached skill level 5 in Armour
  5710 | D:5      | Reached XP level 8. HP: 22/61 MP: 8/8
  5950 | D:5      | Reached skill level 5 in Fighting
  6279 | D:5      | Reached * piety under Cheibriados
  6712 | D:6      | Noticed Grinder
  6729 | D:6      | Killed Grinder
  7310 | D:6      | Reached skill level 7 in Long Blades
  7350 | D:6      | Noticed Menkaure
  7354 | D:6      | Killed Menkaure
  7355 | D:6      | Gained mutation: A meltable shield of frost defends you.
                  | (SH +4) [demonic ancestry]
  7355 | D:6      | Reached XP level 9. HP: 36/69 MP: 9/9
  8816 | D:7      | Reached skill level 5 in Shields
  9032 | D:7      | Reached ** piety under Cheibriados
  9143 | D:7      | Found an ancient bone altar of Kikubaaqudgha.
  9525 | D:7      | Reached skill level 8 in Long Blades
  9856 | D:8      | Found a flagged portal.
  9885 | Bailey   | Entered a bailey
 10360 | Bailey   | Noticed an orc knight
 10379 | Bailey   | HP: 1/71 [orc knight/+0 war axe (21)]
 10380 | Bailey   | Demolished by an orc knight

Illustrated notes

Levels and vault maps discovered:
D:1:      onia_arrival_mini_maze_b, layout_basic,
          chequers_ecumenical_altar_grove, grunt_decor_cap
D:2:      layout_loops_ring
D:3:      layout_rooms, minmay_misc_feat_chi, kennysheep_generic_room_10
D:4:      layout_gridville, minivault_1
D:5:      minmay_bubble_buster, layout_basic, minmay_temple_entry_mist,
          uniq_blork_the_orc
D:6:      layout_basic, uniq_grinder, uniq_menkaure
D:7:      kb_forest_paths, layout_basic, kennysheep_mini, st_stairs_5
D:8:      layout_basic, amethyst_overflow_temple_binary, enter_bailey_6,
          uniq_prince_ribbit1, uniq_joseph, uniq_pikel
Temple:   hellmonk_temple_divided_pantheon
Bailey:   bailey_axe_of_yendor_kennysheep, bailey

Skill      XL: |  1  2  3  4  5  6  7  8  9 |
---------------+----------------------------+-----
Armour         | 3 4 5 6 7 |  7.1
Long Blades    | 2 3 4 6 7 8 |  8.4
Shields        | 3 4 5 |  5.5
Fighting       | 4 6 |  6.8
Dodging        | |  0.7
Stealth        | |  0.8
Evocations     | |  0.4

Action                   |  1- 3 |  4- 6 |  7- 9 || total
-------------------------+-------+-------+-------++-------
Melee: Long sword        |    90 |   183 |   501 ||   774
Evoke: Wand              |       |       |    15 ||    15
  Use: Potion            |       |     1 |     6 ||     7
       Scroll            |       |     5 |    10 ||    15
 Stab: Sleeping          |     1 |       |       ||     1
Armor: Scale mail        |    31 |       |       ||    31
       Chain mail        |     5 |   114 |       ||   119
       Plate armour      |       |       |   315 ||   315
Dodge: Dodged            |    29 |    54 |   114 ||   197
Block: Buckler           |    19 |    43 |   193 ||   255
